[Event "Netanya Open 2019"]
[Site "Netanya"]
[Date "2019.06.23"]
[Round "1.7"]
[White "Zubov, Alexander"]
[Black "Levin, Guy"]
[Result "1-0"]
[ECO "B50"]
[WhiteElo "2597"]
[BlackElo "2054"]
[Annotator "RC"]
[PlyCount "75"]
[EventDate "2019.06.23"]
[EventType "swiss"]
[EventCountry "ISR"]
[SourceTitle "playchess.com"]
[Source "ChessBase"]
[SourceQuality "1"]
[TimeControl "40/5400+30:1800+30"]

1. e4 c5 2. Nf3 d6 3. Bc4 Nf6 4. d3 Nc6 5. c3 g6 6. O-O Bg7 7. Re1 O-O 8. Nbd2 e5 9. Nf1 Be6 10. Ng3 Na5 11. Bxe6 fxe6 12. Be3 Qd7 13. h3 b5 14. a4 Rab8 15. axb5 Qxb5 16. b4 Nb7 17. Qa4 Qxd3 18. b5 c4 19. Bxa7 Ra8 20. Re3 Nc5 21. Qa2 Rxa7 22. Qxa7 Qc2 23. Qa2 Qxa2 24. Rxa2 Rb8 25. Nd2 Bh6 26. Re1 Nd3 27. Rb1 d5 28. Ndf1 Nc5 29. exd5 exd5 30. Ne3 Nb3 31. Ra6 Bg5 32. Rxf6 Bxf6 33. Nxd5 Bd8 34. Ne3 Rxb5 35. Nxc4 Nd4 36. Rd1 Nc6 37. Rd6 Rc5 38. Nxe5 1-0

[Event "Netanya Open 2019"]
[Site "Netanya"]
[Date "2019.06.23"]
[Round "1.8"]
[White "Ben Ari, Yannay"]
[Black "Huzman, Alexander"]
[Result "0-1"]
[ECO "B25"]
[WhiteElo "2053"]
[BlackElo "2588"]
[Annotator "ChessBase"]
[PlyCount "66"]
[EventDate "2019.06.23"]
[EventType "swiss"]
[EventCountry "ISR"]
[SourceTitle "playchess.com"]
[Source "ChessBase"]
[SourceQuality "1"]
[TimeControl "40/5400+30:1800+30"]

1. e4 c5 2. Nc3 Nc6 3. g3 g6 4. Bg2 Bg7 5. Nge2 e6 6. O-O Nge7 7. d3 d6 8. a3 b6 9. Be3 O-O 10. Rb1 Bb7 11. Qd2 Nd4 12. b4 Qd7 13. Nd1 e5 14. c4 f5 15. Ndc3 Rac8 16. f3 Kh8 17. b5 Rf7 18. a4 Rcf8 19. Bxd4 cxd4 20. Nd5 f4 21. Nxe7 Qxe7 22. g4 Bc8 23. Rf2 Bf6 24. Bf1 Bh4 25. Rg2 h5 26. h3 Rh7 27. Rb2 Kg7 28. a5 hxg4 29. hxg4 Rfh8 30. axb6 axb6 31. Ra2 g5 32. Ra8 Kg6 33. Qa2 Be1 0-1

[Event "Netanya Open 2019"]
[Site "Netanya"]
[Date "2019.06.23"]
[Round "1.11"]
[White "Sivuk, Vitaly"]
[Black "Cohen Revivo, Alon"]
[Result "1-0"]
[ECO "E10"]
[WhiteElo "2547"]
[BlackElo "2036"]
[Annotator "RC"]
[PlyCount "69"]
[EventDate "2019.06.23"]
[EventType "swiss"]
[EventCountry "ISR"]
[SourceTitle "playchess.com"]
[Source "ChessBase"]
[SourceQuality "1"]
[TimeControl "40/5400+30:1800+30"]

1. d4 d5 2. c4 Nc6 3. Nc3 dxc4 4. Nf3 Nf6 5. e4 e6 6. Bxc4 Be7 7. O-O O-O 8. a3 a6 9. Ba2 b6 10. Re1 Bb7 11. h3 Rc8 12. Bg5 Nd7 13. Bf4 Bf6 14. e5 Be7 15. b4 Na7 16. d5 exd5 17. Nxd5 Kh8 18. Qd3 Bxd5 19. Bxd5 Nb8 20. Qb3 c5 21. bxc5 Bxc5 22. Ng5 Nbc6 23. Rad1 Qe7 24. Qd3 g6 25. e6 f6 26. Nf7+ Kg8 27. Qxa6 Bxa3 28. Nd6 Nb4 29. Qxa3 Nc2 30. Qg3 Rcd8 31. Re4 g5 32. Nf5 Qc5 33. e7+ Rxd5 34. exf8=Q+ Kxf8 35. Bd6+ 1-0

[Event "Netanya Open 2019"]
[Site "Netanya"]
[Date "2019.06.23"]
[Round "1.15"]
[White "Baron, Tal"]
[Black "Kharlamov, Igor"]
[Result "1-0"]
[ECO "E20"]
[WhiteElo "2524"]
[BlackElo "2019"]
[Annotator "ChessBase"]
[PlyCount "71"]
[EventDate "2019.06.23"]
[EventType "swiss"]
[EventCountry "ISR"]
[SourceTitle "playchess.com"]
[Source "ChessBase"]
[SourceQuality "1"]
[TimeControl "40/5400+30:1800+30"]

1. d4 Nf6 2. c4 e6 3. Nc3 Bb4 4. f3 d5 5. a3 Be7 6. e4 O-O 7. e5 Nfd7 8. cxd5 exd5 9. Nxd5 c5 10. f4 cxd4 11. Nxe7+ Qxe7 12. Nf3 Nc5 13. b4 Ne4 14. Qxd4 f5 15. Bd3 Nc6 16. Qe3 Be6 17. O-O Rad8 18. Bb2 a5 19. b5 Qc5 20. Qxc5 Nxc5 21. Bc2 Ne7 22. Nd4 Bc4 23. Rfc1 Bd3 24. a4 Nd5 25. Bb1 b6 26. Ba2 Kh8 27. Nc6 Nxf4 28. Nxd8 Rxd8 29. Re1 Be4 30. Rad1 Nfd3 31. Re3 Nxa4 32. Ba1 Nac5 33. Bf7 f4 34. Rxe4 Nxe4 35. e6 Rc8 36. e7 1-0

[Event "Netanya Open 2019"]
[Site "Netanya"]
[Date "2019.06.23"]
[Round "1.18"]
[White "Iliaguev, Daniel"]
[Black "Dvoirys, Semen I."]
[Result "0-1"]
[ECO "A45"]
[WhiteElo "1993"]
[BlackElo "2502"]
[Annotator "RC"]
[PlyCount "100"]
[EventDate "2019.06.23"]
[EventType "swiss"]
[EventCountry "ISR"]
[SourceTitle "playchess.com"]
[Source "ChessBase"]
[SourceQuality "1"]
[TimeControl "40/5400+30:1800+30"]

1. d4 Nf6 2. Bg5 c5 3. d5 Qb6 4. Nc3 Qxb2 5. Bd2 Qb6 6. e4 e5 7. f4 d6 8. fxe5 dxe5 9. Nf3 Bd6 10. Rb1 Qc7 11. Bc4 a6 12. a4 O-O 13. O-O Ne8 14. Qe2 Be7 15. d6 Qxd6 16. Nd5 Nd7 17. Ba5 b5 18. Ba2 Bb7 19. Rbd1 c4 20. Bb4 Nc5 21. Nh4 Bxh4 22. Nf6+ Qxf6 23. Rxf6 Nxf6 24. Bxc5 Rfe8 25. Bb6 Nxe4 26. Rd7 Bc6 27. Rc7 Bd5 28. Qd1 Be6 29. Rc6 Nc3 30. Qa1 Nxa4 31. Be3 Bf6 32. Rxe6 Rxe6 33. Bxc4 bxc4 34. Qxa4 Rc8 35. g4 h6 36. Kf2 Bg5 37. Qd7 Rd8 38. Qc7 Bxe3+ 39. Kxe3 Rd4 40. h3 g6 41. Qc8+ Kg7 42. Qc7 Rd1 43. Qxc4 Rh1 44. Kf3 Rxh3+ 45. Kg2 Rh4 46. Kg3 Rh1 47. Qd5 Rg1+ 48. Kh3 Ra1 49. c4 a5 50. c5 Rc1 0-1

[Event "Netanya Open 2019"]
[Site "Netanya"]
[Date "2019.06.23"]
[Round "1.19"]
[White "Zoler, Dan"]
[Black "Uritsky, Yonathan"]
[Result "1-0"]
[ECO "A58"]
[WhiteElo "2499"]
[BlackElo "1984"]
[Annotator "RC"]
[PlyCount "91"]
[EventDate "2019.06.23"]
[EventType "swiss"]
[EventCountry "ISR"]
[SourceTitle "playchess.com"]
[Source "ChessBase"]
[SourceQuality "1"]
[TimeControl "40/5400+30:1800+30"]

1. d4 Nf6 2. c4 g6 3. Nf3 Bg7 4. g3 c5 5. d5 b5 6. cxb5 a6 7. bxa6 Bxa6 8. Bg2 d6 9. O-O O-O 10. Nc3 Nbd7 11. Re1 Rb8 12. Rb1 Ng4 13. Bd2 Nge5 14. Nxe5 Nxe5 15. b3 Qc7 16. Qc2 Rfc8 17. Rec1 Qa7 18. h3 Rb7 19. Qd1 Qb8 20. a3 Nd7 21. Ne4 h6 22. Bc3 Nb6 23. Bxg7 Kxg7 24. e3 Rcc7 25. Qd2 Kh7 26. Kh2 Nc4 27. Qa2 Ne5 28. Rc3 Rb6 29. f4 Nd7 30. Nd2 Ra7 31. Qc2 Rbb7 32. e4 Rb6 33. Re1 e6 34. dxe6 fxe6 35. h4 Nf6 36. Bh3 Qg8 37. e5 Nd5 38. Rf3 Bb7 39. Nc4 Rba6 40. Rf2 dxe5 41. Rxe5 Bc8 42. h5 Rg7 43. hxg6+ Rxg6 44. Rh5 Kh8 45. Ne5 Rf6 46. Qxc5 1-0

[Event "Netanya Open 2019"]
[Site "Netanya"]
[Date "2019.06.23"]
[Round "1.24"]
[White "Friedland, Eldar"]
[Black "Gorodetzky, David"]
[Result "1/2-1/2"]
[ECO "E46"]
[WhiteElo "1959"]
[BlackElo "2461"]
[Annotator "RC"]
[PlyCount "55"]
[EventDate "2019.06.23"]
[EventType "swiss"]
[EventCountry "ISR"]
[SourceTitle "playchess.com"]
[Source "ChessBase"]
[SourceQuality "1"]
[TimeControl "40/5400+30:1800+30"]

1. d4 Nf6 2. c4 e6 3. Nc3 Bb4 4. e3 O-O 5. Nge2 c6 6. a3 Ba5 7. c5 d6 8. cxd6 Qxd6 9. b4 Bc7 10. g3 e5 11. Bg2 Rd8 12. Bb2 Qe7 13. O-O e4 14. Qc2 Bf5 15. b5 cxb5 16. Nxb5 Ba5 17. Qc5 Nc6 18. Bc3 Qd7 19. Bxa5 Nxa5 20. Qb4 b6 21. Rac1 Nd5 22. Qb1 Qe7 23. Nec3 Nf6 24. d5 Bg6 25. Rfd1 Qe5 26. d6 Nb7 27. Nc7 Rac8 28. N3b5 1/2-1/2

[Event "Netanya Open 2019"]
[Site "Netanya"]
[Date "2019.06.23"]
[Round "1.25"]
[White "Mindlin, Alon"]
[Black "Ehrlich, Roy"]
[Result "1-0"]
[ECO "E48"]
[WhiteElo "2454"]
[BlackElo "1938"]
[Annotator "ChessBase"]
[PlyCount "65"]
[EventDate "2019.06.23"]
[EventType "swiss"]
[EventCountry "ISR"]
[SourceTitle "playchess.com"]
[Source "ChessBase"]
[SourceQuality "1"]
[TimeControl "40/5400+30:1800+30"]

1. c4 e6 2. d4 Bb4+ 3. Nc3 c5 4. e3 d5 5. Bd3 Nf6 6. Nge2 O-O 7. O-O b6 8. cxd5 exd5 9. dxc5 Bxc5 10. e4 dxe4 11. Nxe4 Nbd7 12. Bg5 Be7 13. Qa4 Bb7 14. Rfd1 Bxe4 15. Bxe4 Nxe4 16. Rxd7 Nxg5 17. Rxd8 Rfxd8 18. Re1 Bc5 19. Ng3 Ne6 20. Ne4 Bd4 21. b3 h6 22. h4 a5 23. Ng3 Rac8 24. Nf5 Bf6 25. Qg4 Kf8 26. Rd1 Rxd1+ 27. Qxd1 Be5 28. g3 Rc5 29. Qd7 Rc7 30. Qb5 Rc1+ 31. Kg2 Bc7 32. Qd7 Bd8 33. Nd6 1-0

[Event "Netanya Open 2019"]
[Site "Netanya"]
[Date "2019.06.23"]
[Round "1.27"]
[White "Shubin, Kirill"]
[Black "Vagman, Roy"]
[Result "1/2-1/2"]
[ECO "C88"]
[WhiteElo "2426"]
[BlackElo "1904"]
[Annotator "NA RC"]
[PlyCount "89"]
[EventDate "2019.06.23"]
[EventType "swiss"]
[EventCountry "ISR"]
[SourceTitle "playchess.com"]
[Source "ChessBase"]
[SourceQuality "1"]
[TimeControl "40/5400+30:1800+30"]

1. e4 e5 2. Nf3 Nc6 3. Bb5 a6 4. Ba4 Nf6 5. O-O Be7 6. Re1 b5 7. Bb3 O-O 8. h3 Bb7 9. Nc3 d6 10. a3 Na5 11. Ba2 c5 12. b4 Nc6 13. Nd5 cxb4 14. axb4 Nxd5 15. Bxd5 Qc7 16. c3 Nb8 17. Bb3 Nd7 18. Bb2 Nb6 19. d3 Kh8 20. c4 f5 21. c5 Nd7 22. Be6 dxc5 23. Bxf5 cxb4 24. Rc1 Qd6 25. Bxd7 Qxd7 26. Nxe5 Qe6 27. Qg4 Qxg4 28. Nxg4 Rac8 29. Ne3 Rxc1 30. Rxc1 Rc8 31. Ra1 Rd8 32. e5 Bc5 33. Nf5 Rxd3 34. Rc1 Rd5 35. g4 Kg8 36. e6 g6 37. e7 Kf7 38. Re1 Bc6 39. Nh6+ Ke8 40. Ng8 Rd2 41. Rc1 Bxe7 42. Rxc6 Rxb2 43. Rxa6 Kf7 44. Nxe7 Kxe7 45. Rb6 1/2-1/2

[Event "Netanya Open 2019"]
[Site "Netanya"]
[Date "2019.06.23"]
[Round "1.29"]
[White "Veinberg, Nimrod"]
[Black "Leib, Daniel"]
[Result "0-1"]
[WhiteElo "2401"]
[BlackElo "1897"]
[PlyCount "96"]
[EventDate "2019.06.23"]
[EventType "swiss"]
[EventRounds "9"]
[EventCountry "ISR"]
[TimeControl "40/5400+30:1800+30"]

1. d4 d5 2. Nf3 Nf6 3. Bf4 e6 4. e3 c5 5. Nbd2 Nc6 6. c3 Be7 7. Ne5 O-O 8. Bd3 Nxe5 9. Bxe5 b6 10. h4 Bb7 11. Qb1 h6 12. Bxf6 Bxf6 13. f4 Bxh4+ 14. g3 Bxg3+ 15. Ke2 e5 16. fxe5 f5 17. Nf3 f4 18. Qg1 Qe8 19. Qg2 Qe6 20. Raf1 a5 21. Rfg1 Rf7 22. exf4 Bxf4 23. Bg6 Ba6+ 24. Kd1 Rc7 25. Rh5 Rf8 26. Bb1 Be3 27. Rgh1 Rcf7 28. R1h3 cxd4 29. Rg3 dxc3 30. Qc2 Rc8 31. Qh7+ Kf8 32. Rg6 cxb2 33. Qh8+ Ke7 34. Rxe6+ Kxe6 35. Nd4+ Bxd4 36. Rxh6+ Ke7 37. Re6+ Kxe6 38. Qh3+ Kxe5 39. Qg3+ Ke6 40. Qg4+ Kd6 41. Qxd4 Rf1+ 42. Kd2 Rxb1 43. Qf4+ Kc6 44. Qf5 Rc1 45. Qe6+ Kb7 46. Qd7+ R8c7 47. Qxd5+ Ka7 48. a4 b1=Q 0-1

[Event "Netanya Open 2019"]
[Site "Netanya"]
[Date "2019.06.23"]
[Round "1.30"]
[White "Volkov, Yuri"]
[Black "Birnboim, Nathan"]
[Result "0-1"]
[WhiteElo "1886"]
[BlackElo "2375"]
[PlyCount "142"]
[EventDate "2019.06.23"]
[EventType "swiss"]
[EventRounds "9"]
[EventCountry "ISR"]
[TimeControl "40/5400+30:1800+30"]

1. d4 Nf6 2. Nf3 e6 3. e3 d5 4. Bd3 Be7 5. Nbd2 O-O 6. O-O b6 7. Re1 Ba6 8. Bxa6 Nxa6 9. c3 c5 10. Qe2 Qc8 11. e4 cxd4 12. Nxd4 dxe4 13. Nxe4 Nxe4 14. Qxe4 Nc5 15. Qf3 Bf6 16. Nb3 Na4 17. Qe2 a6 18. Be3 b5 19. Bd4 Bxd4 20. Nxd4 Rd8 21. Rad1 Ra7 22. Nc6 Rxd1 23. Rxd1 Rd7 24. Rxd7 Qxd7 25. Ne5 Qd5 26. c4 bxc4 27. Nxc4 g6 28. h3 h5 29. Qc2 Nc5 30. Ne3 Qe5 31. b4 Ne4 32. Qc8+ Kg7 33. Qxa6 Qb2 34. Qf1 Qxa2 35. Qe1 Qb2 36. Nc4 Qd4 37. Ne3 Nc3 38. Kh1 Qxb4 39. Nd1 Nd5 40. Qxb4 Nxb4 41. Ne3 Kf6 42. Kg1 Ke5 43. Kf1 Kd4 44. Ke2 Nd5 45. Nf1 e5 46. Nd2 Nc3+ 47. Kf1 e4 48. Nb3+ Kd3 49. Nc5+ Kd4 50. Nd7 Na4 51. Ke2 Nc3+ 52. Kd2 Nd5 53. Ke2 g5 54. g3 f5 55. Kd2 f4 56. Ke2 f3+ 57. Kf1 h4 58. gxh4 gxh4 59. Nf8 Nf4 60. Ke1 Ke5 61. Kf1 Kf5 62. Nd7 Nxh3 63. Nb6 Nf4 64. Nc4 Ne2 65. Ne3+ Kg5 66. Ke1 h3 67. Nf1 Kf4 68. Nh2 Nd4 69. Kf1 Nf5 70. Kg1 Nh6 71. Kf1 Ng4 0-1

[Event "Netanya Open 2019"]
[Site "Netanya"]
[Date "2019.06.23"]
[Round "1.31"]
[White "Bronstein, Or"]
[Black "Noy, Eyal"]
[Result "1-0"]
[WhiteElo "2378"]
[BlackElo "1858"]
[PlyCount "91"]
[EventDate "2019.06.23"]
[EventType "swiss"]
[EventRounds "9"]
[EventCountry "ISR"]
[TimeControl "40/5400+30:1800+30"]

1. d4 Nf6 2. c4 g6 3. Nc3 d5 4. cxd5 Nxd5 5. e4 Nxc3 6. bxc3 Bg7 7. Nf3 c5 8. h3 Nc6 9. Be3 cxd4 10. cxd4 Qa5+ 11. Bd2 Qa3 12. d5 Nb4 13. Bb5+ Bd7 14. Bxd7+ Kxd7 15. O-O Bxa1 16. Qxa1 f6 17. Rb1 a5 18. Qd4 Rhc8 19. Qb6 Qxa2 20. Re1 Qc4 21. Qe6+ Kd8 22. Qg8+ Kd7 23. Qe6+ Kd8 24. Qg8+ Kd7 25. Qxh7 Nd3 26. Re3 Nf4 27. Qh4 Ne2+ 28. Kh2 Ra6 29. Qg4+ Kd8 30. Nh4 Nd4 31. Rc3 Qxc3 32. Bxc3 Rxc3 33. e5 fxe5 34. Nxg6 Rxg6 35. Qxg6 a4 36. Qb6+ Kc8 37. Qb4 Rc2 38. Qxa4 b5 39. Qa6+ Kd7 40. h4 Rc5 41. Qb7+ Rc7 42. Qb6 Kc8 43. h5 Rb7 44. Qa6 b4 45. h6 e6 46. h7 1-0

[Event "Netanya Open 2019"]
[Site "Netanya"]
[Date "2019.06.23"]
[Round "1.32"]
[White "Sheinkman, Lidan"]
[Black "Krayz, Alexander"]
[Result "1/2-1/2"]
[WhiteElo "1863"]
[BlackElo "2374"]
[PlyCount "25"]
[EventDate "2019.06.23"]
[EventType "swiss"]
[EventRounds "9"]
[EventCountry "ISR"]
[TimeControl "40/5400+30:1800+30"]

1. d4 Nf6 2. c4 e6 3. Nf3 b6 4. g3 Ba6 5. b3 Bb4+ 6. Bd2 Be7 7. Bg2 c6 8. O-O d5 9. cxd5 cxd5 10. Ne5 Nfd7 11. Nxd7 Qxd7 12. Bc3 Nc6 13. Bb2 {h%clk 00:13:56]} 1/2-1/2

[Event "Netanya Open 2019"]
[Site "Netanya"]
[Date "2019.06.23"]
[Round "1.33"]
[White "Gorshtein, Ido"]
[Black "Yusupoff, Yoav"]
[Result "1-0"]
[WhiteElo "2367"]
[BlackElo "1874"]
[PlyCount "59"]
[EventDate "2019.06.23"]
[EventType "swiss"]
[EventRounds "9"]
[EventCountry "ISR"]
[TimeControl "40/5400+30:1800+30"]

1. e4 c5 2. Ne2 Nf6 3. Nbc3 e5 4. g3 d5 5. exd5 Nxd5 6. Bg2 Be6 7. O-O Nc6 8. d3 Be7 9. f4 Qd7 10. fxe5 h5 11. Nf4 Nxf4 12. gxf4 Nd4 13. Be3 Nf5 14. Qd2 Rh6 15. Be4 h4 16. Rf2 O-O-O 17. a3 Rdh8 18. b4 b6 19. Rb1 Ng3 20. bxc5 Nxe4 21. dxe4 Rg6+ 22. Kh1 Qxd2 23. Rxd2 Bg4 24. Rf2 Bxc5 25. Bxc5 bxc5 26. Rg1 h3 27. Nd5 Kd7 28. f5 Rg5 29. Rf4 Rh4 30. Rg3 1-0

[Event "Netanya Open 2019"]
[Site "Netanya"]
[Date "2019.06.23"]
[Round "1.34"]
[White "Shetah, Roi"]
[Black "Shvayger, Yuliya"]
[Result "0-1"]
[WhiteElo "1836"]
[BlackElo "2373"]
[PlyCount "66"]
[EventDate "2019.06.23"]
[EventType "swiss"]
[EventRounds "9"]
[EventCountry "ISR"]
[TimeControl "40/5400+30:1800+30"]

1. e4 c5 2. Nf3 Nc6 3. d4 cxd4 4. Nxd4 Qb6 5. Nb3 Nf6 6. Nc3 e6 7. Be3 Qc7 8. Be2 Bb4 9. O-O O-O 10. Nb5 Qb8 11. c3 Be7 12. Bg5 Nxe4 13. Bxe7 Nxe7 14. f3 Nf6 15. Nd6 Ned5 16. Nxc8 Ne3 17. Qd3 Nxf1 18. Nd6 Ne3 19. c4 Ned5 20. cxd5 Qxd6 21. dxe6 Qb6+ 22. Qd4 Qxd4+ 23. Nxd4 dxe6 24. Kf2 Rfd8 25. Nb3 Rac8 26. Rd1 Rxd1 27. Bxd1 Kf8 28. Ke3 Nd5+ 29. Ke4 Ke7 30. g3 f5+ 31. Ke5 Rc4 32. Na5 Rb4 33. Nb3 Nf6 0-1

[Event "Netanya Open 2019"]
[Site "Netanya"]
[Date "2019.06.23"]
[Round "1.35"]
[White "Emanuel, Yahav"]
[Black "Smoliar, Klim"]
[Result "1-0"]
[WhiteElo "2359"]
[BlackElo "1871"]
[PlyCount "63"]
[EventDate "2019.06.23"]
[EventType "swiss"]
[EventRounds "9"]
[EventCountry "ISR"]
[TimeControl "40/5400+30:1800+30"]

1. e4 c5 2. Nf3 d6 3. d4 cxd4 4. Nxd4 Nf6 5. Nc3 Bd7 6. Be2 e5 7. Nb3 Bc6 8. Bf3 a5 9. Bg5 a4 10. Nd2 Nbd7 11. O-O b5 12. b4 Be7 13. Qe2 Qb6 14. Rfd1 O-O 15. Nf1 Qb7 16. Ne3 h6 17. Nf5 Nb6 18. Bxf6 Bxf6 19. Nxd6 Qa6 20. a3 Rfd8 21. Ndxb5 Qb7 22. Nd6 Qc7 23. Nf5 Bd7 24. Nb5 Bxb5 25. Qxb5 Rab8 26. Ne3 Rd4 27. Qe2 Qc3 28. Ra2 g6 29. g3 Nc4 30. Rxd4 Nxe3 31. Rd3 Qc4 32. Rb2 1-0

[Event "Netanya Open 2019"]
[Site "Netanya"]
[Date "2019.06.23"]
[Round "1.36"]
[White "Zoabi, Jihad"]
[Black "Parkhov, Yair"]
[Result "0-1"]
[WhiteElo "1788"]
[BlackElo "2351"]
[PlyCount "86"]
[EventDate "2019.06.23"]
[EventType "swiss"]
[EventRounds "9"]
[EventCountry "ISR"]
[TimeControl "40/5400+30:1800+30"]

1. e4 c5 2. Nf3 d6 3. Bb5+ Nd7 4. c3 Ngf6 5. Qe2 a6 6. Ba4 b5 7. Bc2 e5 8. O-O Be7 9. d4 O-O 10. dxe5 Nxe5 11. Nxe5 dxe5 12. Rd1 Qc7 13. Bg5 Be6 14. Nd2 Ng4 15. Bxe7 Qxe7 16. Nf3 f6 17. Rd2 Nh6 18. Rad1 Nf7 19. h3 Rfd8 20. Nh2 Rxd2 21. Rxd2 Rd8 22. a4 Rxd2 23. Qxd2 Qd6 24. Qe2 c4 25. Qe3 b4 26. cxb4 Qxb4 27. Qc3 Qxc3 28. bxc3 Kf8 29. Nf1 Ke7 30. Ne3 Kd6 31. Kf1 Kc5 32. Ke2 Nd6 33. Nf5 Nxf5 34. exf5 Bd7 35. g4 Kb6 36. h4 h6 37. f4 exf4 38. Kf3 Ka5 39. Kxf4 Bxa4 40. Be4 Kb6 41. g5 hxg5+ 42. hxg5 Kc5 43. Kg4 Bd1+ 0-1

[Event "Netanya Open 2019"]
[Site "Netanya"]
[Date "2019.06.23"]
[Round "1.37"]
[White "Globus, Or"]
[Black "Regenbogen, Yoseph"]
[Result "1-0"]
[WhiteElo "2352"]
[BlackElo "1806"]
[PlyCount "79"]
[EventDate "2019.06.23"]
[EventType "swiss"]
[EventRounds "9"]
[EventCountry "ISR"]
[TimeControl "40/5400+30:1800+30"]

1. d4 e6 2. c4 d5 3. Nf3 Nf6 4. g3 Nbd7 5. Bg2 Bb4+ 6. Bd2 Bxd2+ 7. Nbxd2 c6 8. O-O O-O 9. Qc2 Re8 10. e4 dxe4 11. Nxe4 Nxe4 12. Qxe4 Nf6 13. Qe3 Bd7 14. Rad1 Qa5 15. Ne5 Rad8 16. a3 Qc7 17. Rfe1 Re7 18. g4 Ne8 19. Be4 Nd6 20. Bd3 f6 21. Nf3 Be8 22. c5 Nc8 23. g5 f5 24. Bc4 Bf7 25. Ne5 Bh5 26. Rd3 Rde8 27. Qf4 b6 28. Qxf5 bxc5 29. dxc5 Qa5 30. b4 Qc7 31. Qe4 Bg6 32. Nxg6 hxg6 33. Qg4 Kf8 34. Rf3+ Rf7 35. Bxe6 Qe7 36. Rxf7+ Qxf7 37. Bxf7 Rxe1+ 38. Kg2 Kxf7 39. Qxc8 Re7 40. Qxc6 1-0

[Event "Netanya Open 2019"]
[Site "Netanya"]
[Date "2019.06.23"]
[Round "1.38"]
[White "Tsirilman, Guy"]
[Black "Sivan, Yaacov"]
[Result "0-1"]
[WhiteElo "1798"]
[BlackElo "2319"]
[PlyCount "70"]
[EventDate "2019.06.23"]
[EventType "swiss"]
[EventRounds "9"]
[EventCountry "ISR"]
[TimeControl "40/5400+30:1800+30"]

1. e4 c5 2. Nf3 d6 3. d4 cxd4 4. Nxd4 Nf6 5. Nc3 g6 6. Be3 Bg7 7. f3 O-O 8. Qd2 Nc6 9. O-O-O Nxd4 10. Bxd4 Be6 11. Kb1 Qc7 12. h4 h5 13. g4 Rfc8 14. g5 Nd7 15. Bxg7 Kxg7 16. f4 Qa5 17. Be2 Rc5 18. Qd4+ Kg8 19. Nd5 Bxd5 20. exd5 Rac8 21. Qe4 Rxc2 22. Qxc2 Rxc2 23. Kxc2 Qxa2 24. Rd4 Nc5 25. Rh3 Qa1 26. Bd1 Qa6 27. Rf3 Qb5 28. Kb1 a5 29. f5 gxf5 30. Rxf5 Nd3 31. b3 a4 32. Rxa4 Nb4 33. Rf3 Qxd5 34. Kc1 Nd3+ 35. Kb1 Ne1 0-1

[Event "Netanya Open 2019"]
[Site "Netanya"]
[Date "2019.06.23"]
[Round "1.39"]
[White "Goikhman, Valentin"]
[Black "Zilbershtein, Victor"]
[Result "1-0"]
[WhiteElo "2320"]
[BlackElo "1756"]
[PlyCount "71"]
[EventDate "2019.06.23"]
[EventType "swiss"]
[EventRounds "9"]
[EventCountry "ISR"]
[TimeControl "40/5400+30:1800+30"]

1. e4 g6 2. d4 Bg7 3. Nf3 d6 4. Bc4 c6 5. Nc3 e6 6. O-O Nf6 7. e5 dxe5 8. Nxe5 O-O 9. Bb3 Nd5 10. Ne4 Qh4 11. Re1 h6 12. c4 Nc7 13. Qf3 Nd7 14. Bf4 Nxe5 15. Bxe5 Ne8 16. Rad1 f5 17. Nc5 Qe7 18. Bxg7 Nxg7 19. Nd3 Qf6 20. Re5 Rd8 21. Qe3 g5 22. f4 c5 23. Nxc5 b6 24. Nd3 a5 25. c5 b5 26. c6 Rd6 27. a4 b4 28. Nc5 Rxc6 29. Qf3 Raa6 30. Nxa6 Rxa6 31. d5 gxf4 32. Qxf4 Nh5 33. Qc4 Bb7 34. dxe6 Qxe5 35. e7+ Bd5 36. Qxd5+ 1-0

[Event "Netanya Open 2019"]
[Site "Netanya"]
[Date "2019.06.23"]
[Round "1.40"]
[White "Fudim, Ariel"]
[Black "Rozen, Eytan"]
[Result "0-1"]
[WhiteElo "1768"]
[BlackElo "2317"]
[PlyCount "90"]
[EventDate "2019.06.23"]
[EventType "swiss"]
[EventRounds "9"]
[EventCountry "ISR"]
[TimeControl "40/5400+30:1800+30"]

1. d4 f5 2. c4 e6 3. g3 Nf6 4. Bg2 d5 5. Nf3 c6 6. O-O Bd6 7. b3 O-O 8. Ba3 b6 9. Bxd6 Qxd6 10. Nbd2 Nbd7 11. Rc1 Bb7 12. Qc2 Ne4 13. Ne1 Rac8 14. f3 Nxd2 15. Qxd2 Rfd8 16. e3 dxc4 17. bxc4 c5 18. f4 Bxg2 19. Nxg2 Nf6 20. Rfd1 Qc6 21. Qe2 Rd6 22. Ne1 Ne4 23. Nf3 Rcd8 24. Ne5 Qa4 25. Qb2 h6 26. Rd3 a5 27. Rcd1 cxd4 28. exd4 Rxd4 29. Rxd4 Qxd1+ 30. Rxd1 Rxd1+ 31. Kg2 Rd2+ 32. Qxd2 Nxd2 33. Kf2 Ne4+ 34. Ke3 Nc5 35. Kd4 g5 36. fxg5 hxg5 37. Nf3 g4 38. Ng5 Kf8 39. h3 gxh3 40. Nxh3 Ke7 41. Nf4 Kd6 42. Ng6 a4 43. Ne5 Nb3+ 44. axb3 a3 45. b4 a2 0-1

[Event "Netanya Open 2019"]
[Site "Netanya"]
[Date "2019.06.23"]
[Round "1.41"]
[White "Gorodetzky, Matan"]
[Black "Lifshits, Raz"]
[Result "1-0"]
[WhiteElo "2316"]
[BlackElo "1749"]
[PlyCount "107"]
[EventDate "2019.06.23"]
[EventType "swiss"]
[EventRounds "9"]
[EventCountry "ISR"]
[TimeControl "40/5400+30:1800+30"]

1. e4 d6 2. d4 Nf6 3. Nc3 Nbd7 4. Nf3 e5 5. Bc4 Be7 6. O-O O-O 7. Re1 c6 8. a4 exd4 9. Nxd4 Ne5 10. Ba2 c5 11. Nf5 Bxf5 12. exf5 Qd7 13. f4 Nc6 14. g4 Nb4 15. Bb3 c4 16. Bxc4 d5 17. Bb5 Bc5+ 18. Kg2 Qc8 19. Na2 a6 20. Be2 Nxa2 21. Rxa2 Rd8 22. Bd3 Qc6 23. Qf3 Re8 24. Rd1 d4 25. Qxc6 bxc6 26. Kf3 Re7 27. Bd2 Nd5 28. Raa1 Rae8 29. Re1 Ne3 30. Re2 Nd5 31. Rxe7 Rxe7 32. Bxa6 Nb4 33. Bd3 Kf8 34. Be4 Rc7 35. Rd1 Nd5 36. a5 Ne3 37. Rb1 Nc4 38. Be1 Ba7 39. Bd3 Nd6 40. b4 Nb5 41. Bd2 Ke8 42. f6 g6 43. Re1+ Kd8 44. f5 Nd6 45. fxg6 hxg6 46. h4 Ne8 47. h5 gxh5 48. gxh5 Rd7 49. h6 Rd5 50. Rh1 Nxf6 51. h7 Nxh7 52. Rxh7 Rd7 53. Bg5+ Kc7 54. Bf5 1-0

[Event "Netanya Open 2019"]
[Site "Netanya"]
[Date "2019.06.23"]
[Round "1.42"]
[White "Zaromb, Charles Irving"]
[Black "Aharon, Ofir"]
[Result "0-1"]
[WhiteElo "1738"]
[BlackElo "2302"]
[PlyCount "80"]
[EventDate "2019.06.23"]
[EventType "swiss"]
[EventRounds "9"]
[EventCountry "ISR"]
[TimeControl "40/5400+30:1800+30"]

1. e4 c5 2. Nf3 d6 3. d4 cxd4 4. Nxd4 Nf6 5. Nc3 a6 6. Bc4 e6 7. Bb3 Nbd7 8. f4 Nc5 9. Qf3 Qc7 10. Be3 b5 11. f5 b4 12. Na4 e5 13. Ne2 Bb7 14. Nxc5 dxc5 15. Ba4+ Bc6 16. Bxc6+ Qxc6 17. Ng3 c4 18. O-O h5 19. Rfe1 Bd6 20. Bf2 O-O-O 21. Nf1 Ng4 22. Ne3 Nxf2 23. Kxf2 Bc5 24. Rad1 g5 25. Kf1 g4 26. Qe2 Rxd1 27. Nxd1 Ba7 28. Ne3 c3 29. bxc3 bxc3 30. Nd5 Kb7 31. Qd3 Rd8 32. Rb1+ Ka8 33. Ke2 Qc5 34. Rf1 Rb8 35. Qxa6 Rb4 36. Qd3 Rd4 37. Qe3 Rxd5 38. Qxc5 Rd2+ 39. Ke1 Bxc5 40. f6 Rxc2 0-1

[Event "Netanya Open 2019"]
[Site "Netanya"]
[Date "2019.06.23"]
[Round "1.43"]
[White "Friedland, Moshe"]
[Black "Reches, Omer"]
[Result "1/2-1/2"]
[WhiteElo "2315"]
[BlackElo "1720"]
[PlyCount "66"]
[EventDate "2019.06.23"]
[EventType "swiss"]
[EventRounds "9"]
[EventCountry "ISR"]
[TimeControl "40/5400+30:1800+30"]

1. e4 c5 2. Nf3 e6 3. d4 cxd4 4. Nxd4 Nc6 5. Nc3 Qc7 6. Qd3 a6 7. Nxc6 bxc6 8. Qg3 Qxg3 9. hxg3 d5 10. Na4 a5 11. exd5 exd5 12. Nb6 Rb8 13. Nxc8 Rxc8 14. Bf4 Kd7 15. O-O-O Bd6 16. c4 Nf6 17. Bd3 Bxf4+ 18. gxf4 Kd6 19. Rd2 Rhe8 20. Kb1 h6 21. f3 Re3 22. Rhd1 Rce8 23. cxd5 cxd5 24. Be4 Nxe4 25. Rxd5+ Ke7 26. fxe4 Rxe4 27. Rxa5 Rxf4 28. Re1+ Kf8 29. Rxe8+ Kxe8 30. a4 Kd7 31. Ka2 Rd4 32. Ra7+ Kc6 33. Rxf7 Rxa4+ 1/2-1/2